 Dungeon Crawl Stone Soup version 0.22-a0-280-g69bf1f3 (webtiles) character file.

3221 xccam the Fighter (level 9, -3/81 HPs)
             Began as a Gnoll Wanderer on Mar 16, 2018.
             Was a Believer of Dithmenos.
             Slain by a killer bee (8 damage)
             ... on level 7 of the Dungeon.
             The game lasted 00:16:13 (6208 turns).

xccam the Fighter (Gnoll Wanderer)                  Turns: 6208, Time: 00:16:14

Health: -3/81      AC:  4    Str: 26    XL:     9   Next: 97%
Magic:  16/16      EV: 13    Int: 15    God:    Dithmenos [**....]
Gold:   241        SH: 11    Dex: 17    Spells: 17/17 levels left

rFire    + . .     SeeInvis .   q - +1 rapier (venom)
rCold    + . .     Gourm    .   e - +0 shield
rNeg     . . .     Faith    .   x - +2 robe {rF+}
rPois    .         Spirit   .   (no helmet)
rElec    .         Reflect  .   (no cloak)
rCorr    .         Harm     .   (no gloves)
MR       .....                  (no boots)
Stlth    ++++......             C - amulet of regeneration (curse)
HPRegen  0.63/turn              y - ring of protection from cold
MPRegen  0.15/turn              G - +6 ring of strength (curse)

@: mighty, lethally poisoned (-3 -> -3), wreathed by umbra, drained
A: distributed training, fangs 1, strong nose
a: Shadow Step, Renounce Religion


You were on level 7 of the Dungeon.
You worshipped Dithmenos.
Dithmenos was pleased with you.
You were not hungry.

You visited 1 branch of the dungeon, and saw 8 of its levels.

You collected 359 gold pieces.
You spent 118 gold pieces at shops.

Inventory:

Hand Weapons
 a - a +2 short sword
 q - a +1 rapier of venom (weapon)
 D - a +0 blowgun
Missiles
 E - 8 poisoned needles
Armour
 e - a +0 shield (worn)
 s - a +0 scale mail
 x - a +2 robe of fire resistance (worn)
 H - the cursed +0 robe of the Bard {rF+ rCorr}
   (You found it on level 7 of the Dungeon)

   It protects you from fire.
   It protects you from acid and corrosion.
   It has a curse placed upon it.
Jewellery
 d - an uncursed ring of resist corrosion
 y - a ring of protection from cold (left hand)
 B - an uncursed ring of flight
 C - a cursed amulet of regeneration (around neck)
 G - a cursed +6 ring of strength (right hand)
Wands
 o - a wand of iceblast (2)
 w - a wand of scattershot (8)
Scrolls
 b - 10 scrolls of teleportation
 g - 2 scrolls of amnesia
 k - a scroll of fear
 m - a scroll of remove curse
 u - a scroll of enchant weapon {unknown}
 v - a scroll of magic mapping
 A - a scroll of enchant armour {unknown}
Potions
 c - 2 potions of lignification
 h - a potion of cancellation {unknown}
 j - 5 potions of heal wounds
 l - 3 potions of magic
 n - a potion of haste
 p - 3 potions of flight
 t - a potion of curing
 F - a potion of brilliance {unknown}
Comestibles
 f - 21 rations


   Skills:
 + Level 11.3(11.0) Fighting
 + Level 8.1(7.8) Short Blades
 + Level 4.6(4.4) Long Blades
 + Level 4.6(4.4) Axes
 + Level 4.6(4.4) Maces & Flails
 + Level 4.6(4.4) Polearms
 + Level 4.6(4.4) Staves
 + Level 4.6(4.4) Slings
 + Level 4.6(4.4) Bows
 + Level 4.6(4.4) Crossbows
 + Level 4.6(4.4) Throwing
 + Level 4.6(4.4) Armour
 + Level 4.6(4.4) Dodging
 + Level 5.3(5.0) Stealth
 + Level 5.4(5.1) Shields
 + Level 4.6(4.4) Unarmed Combat
 + Level 4.6(4.4) Spellcasting
 + Level 3.8(3.6) Conjurations
 + Level 3.8(3.6) Hexes
 + Level 3.8(3.6) Charms
 + Level 3.8(3.6) Summonings
 + Level 3.8(3.6) Necromancy
 + Level 3.8(3.6) Translocations
 + Level 3.8(3.6) Transmutations
 + Level 3.8(3.6) Fire Magic
 + Level 3.8(3.6) Ice Magic
 + Level 3.8(3.6) Air Magic
 + Level 3.8(3.6) Earth Magic
 + Level 3.8(3.6) Poison Magic
 + Level 5.1(4.9) Invocations
 + Level 4.6(4.4) Evocations


You had 17 spell levels left.
You didn't know any spells.

Dungeon Overview and Level Annotations

Branches:
Dungeon (8/15)             Temple (0/1) D:5
   Lair: D:8-11

Altars:
Cheibriados
Dithmenos
Fedhas
Hepliaklqana
Makhleb
Ru
The Shining One

Shops:
D:5 **(   D:7 *


Innate Abilities, Weirdness & Mutations

Your experience applies equally to all skills.
You have very sharp teeth.
Your uncanny sense of smell can sniff out nearby items.


Message History

You feel better. You block the killer bee's attack.
The killer bee stings you but does no damage.
The killer bee barely misses you. You block the killer bee's attack.
The killer bee stings you. x2
You feel very mighty all of a sudden. You block the killer bee's attack.
The killer bee stings you! You block the killer bee's attack.
The killer bee stings you. The killer bee misses you.
The killer bee stings you.
You are poisoned.
The killer bee poisons you!
You puncture the killer bee!
The killer bee is poisoned.
The killer bee is heavily wounded.
You feel sick. You block the killer bee's attack.
The killer bee closely misses you. The killer bee stings you!
* * * LOW HITPOINT WARNING * * *
The killer bee stings you!
* * * LOW HITPOINT WARNING * * *
You are more poisoned.
The killer bee poisons you! The killer bee stings you!
You die...

#(.#....##≈##.##≈##.#
##.#..#.#≈≈≈###≈≈≈#.#
#.#.##.#≈≈≈≈≈≈≈≈≈#.#
#......#⌠≈≈###≈≈⌠#.#
##..#..#####.#####.#
#####..##.............#
#..........####...#####
#.....y....# ###......
#.....@....# ######.
#....yy....# ##
#...<......#
#..........#
############


You could see 3 killer bees.

Vanquished Creatures
  Pikel (D:6)
  Grinder (D:3)
  Sigmund (D:3)
  Menkaure (D:7)
  A water moccasin (D:5)
  A sky beast (D:5)
  Duvessa (D:7)
  2 orc warriors (D:6)
  A black bear (D:7)
  An ogre (D:5)
  A centaur (D:8)
  A big kobold (D:7)
  Blork the orc (D:6)
  3 bullfrogs
  A water moccasin zombie (D:6)
  Dowan (D:7)
  2 scorpions
  A killer bee (D:8)
  7 wights
  A centaur zombie (D:5)
  2 crimson imps (D:6)
  3 hounds
  An orc priest (D:3)
  A jelly (D:5)
  A bullfrog skeleton (D:6)
  5 orc wizards
  2 worker ants
  3 hound skeletons (D:7)
  A howler monkey zombie (D:5)
  10 adders
  2 oozes
  An adder skeleton (D:5)
  2 worms
  4 dart slugs (D:1)
  A leopard gecko (D:8)
  16 orcs
  4 giant cockroaches
  11 goblins
  2 hobgoblins (D:1)
  16 jackals
  2 ball pythons
  4 bats
  A frilled lizard (D:1)
  A giant cockroach zombie (D:5)
  12 kobolds
  A quokka skeleton (D:5)
  7 rats
146 creatures vanquished.

Vanquished Creatures (others)
  An orc wizard (D:4)
  An orc (D:6)
2 creatures vanquished.

Grand Total: 148 creatures vanquished

Notes
Turn   | Place    | Note
-------+----------+-------------------------------------------
     0 | D:1      | Reached skill level 10 in Fighting
     0 | D:1      | xccam the Gnoll Wanderer began the quest for the Orb.
     0 | D:1      | xccam set off with: a +2 short sword, a scroll of teleportation, a potion of lignification, a +0 robe, a ration
     0 | D:1      | Reached XP level 1. HP: 28/28 MP: 1/1
   161 | D:1      | Reached XP level 2. HP: 35/36 MP: 2/2
   265 | D:1      | Reached XP level 3. HP: 39/42 MP: 3/3
   911 | D:2      | Reached skill level 1 in Invocations
  1165 | D:2      | Found a burning altar of Makhleb.
  1166 | D:2      | Found a shadowy altar of Dithmenos.
  1167 | D:2      | Found a sacrificial altar of Ru.
  1168 | D:2      | Found a hazy altar of Hepliaklqana.
  1171 | D:2      | Reached skill level 1 in Long Blades
  1171 | D:2      | Reached skill level 1 in Axes
  1171 | D:2      | Reached skill level 1 in Maces & Flails
  1171 | D:2      | Reached skill level 1 in Polearms
  1171 | D:2      | Reached skill level 1 in Staves
  1171 | D:2      | Reached skill level 1 in Slings
  1171 | D:2      | Reached skill level 1 in Bows
  1171 | D:2      | Reached skill level 1 in Crossbows
  1171 | D:2      | Reached skill level 1 in Throwing
  1171 | D:2      | Reached skill level 1 in Armour
  1171 | D:2      | Reached skill level 1 in Dodging
  1171 | D:2      | Reached skill level 1 in Unarmed Combat
  1171 | D:2      | Reached skill level 1 in Spellcasting
  1171 | D:2      | Reached skill level 1 in Evocations
  1186 | D:2      | Became a worshipper of Dithmenos the Shadowed
  1248 | D:3      | Noticed Sigmund
  1250 | D:3      | Killed Sigmund
  1250 | D:3      | Reached skill level 1 in Conjurations
  1250 | D:3      | Reached skill level 1 in Hexes
  1250 | D:3      | Reached skill level 1 in Charms
  1250 | D:3      | Reached skill level 1 in Summonings
  1250 | D:3      | Reached skill level 1 in Necromancy
  1250 | D:3      | Reached skill level 1 in Translocations
  1250 | D:3      | Reached skill level 1 in Transmutations
  1250 | D:3      | Reached skill level 1 in Fire Magic
  1250 | D:3      | Reached skill level 1 in Ice Magic
  1250 | D:3      | Reached skill level 1 in Air Magic
  1250 | D:3      | Reached skill level 1 in Earth Magic
  1250 | D:3      | Reached skill level 1 in Poison Magic
  1250 | D:3      | Reached XP level 4. HP: 48/48 MP: 4/6
  1250 | D:3      | Reached XP level 5. HP: 54/54 MP: 4/7
  1474 | D:3      | Reached XP level 6. HP: 61/61 MP: 8/8
  1693 | D:3      | Noticed Grinder
  1697 | D:3      | Paralysed by Grinder for 3 turns
  1704 | D:3      | Killed Grinder
  1704 | D:3      | Reached XP level 7. HP: 36/67 MP: 8/10
  2060 | D:4      | Reached * piety under Dithmenos
  2717 | D:5      | Entered Level 5 of the Dungeon
  2717 | D:5      | Found Heoppeam's Weapon Shop.
  2743 | D:5      | Bought a +1 rapier of venom for 118 gold pieces
  3055 | D:5      | Found a staircase to the Ecumenical Temple.
  3103 | D:5      | Found Zamac's General Store.
  3144 | D:5      | Reached XP level 8. HP: 74/74 MP: 12/12
  3462 | D:5      | Found Kiomaf's General Store.
  3832 | D:6      | Noticed Blork the orc
  3839 | D:6      | Killed Blork the orc
  4176 | D:6      | Noticed Pikel
  4184 | D:6      | Killed Pikel
  4184 | D:6      | Reached skill level 11 in Fighting
  4184 | D:6      | Reached XP level 9. HP: 81/81 MP: 14/14
  4202 | D:6      | Reached ** piety under Dithmenos
  5255 | D:6      | Found a blossoming altar of Fedhas.
  5255 | D:6      | Found a glowing golden altar of the Shining One.
  5338 | D:7      | Reached skill level 5 in Shields
  5577 | D:7      | Reached skill level 5 in Stealth
  5607 | D:7      | Noticed Duvessa
  5607 | D:7      | Noticed Dowan
  5613 | D:7      | Killed Duvessa
  5616 | D:7      | Killed Dowan
  5743 | D:7      | Got a shimmering robe
  5745 | D:7      | Identified the cursed +0 robe of the Bard {rF+ rCorr} (You found it on level 7 of the Dungeon)
  5832 | D:7      | Found a snail-covered altar of Cheibriados.
  5832 | D:7      | Noticed Menkaure
  5851 | D:7      | Killed Menkaure
  5919 | D:7      | Found Biryaf's Assorted Antiques.
  5941 | D:8      | Reached skill level 5 in Invocations
  6208 | D:7      | Slain by a killer bee

Vault maps used:
D:1:      dpeg_arrival_water_fire
D:2:      chequers_temple_overflow_statue_of_worship, first_ration
D:3:      uniq_sigmund, uniq_grinder
D:5:      minmay_temple_entry_poolview, serial_shops, shop_statue,
          kennysheep_mini_moat, shop
D:6:      gammafunk_temple_overflow_elements, lightli_orcish_oven,
          uniq_blork_the_orc, uniq_pikel
D:7:      cheibrodos_worm_habitat, serial_shops, shop_statue, uniq_duvessa,
          uniq_menkaure
D:8:      hangedman_pestilent_swarm

Skill      XL: |  1  2  3  4  5  6  7  8  9 |
---------------+----------------------------+-----
Fighting       | 11 | 11.3
Invocations    | 1 2 3 4 5 |  5.1
Long Blades    | 1 2 3 4 |  4.6
Axes           | 1 2 3 4 |  4.6
Maces & Flails | 1 2 3 4 |  4.6
Polearms       | 1 2 3 4 |  4.6
Staves         | 1 2 3 4 |  4.6
Slings         | 1 2 3 4 |  4.6
Bows           | 1 2 3 4 |  4.6
Crossbows      | 1 2 3 4 |  4.6
Throwing       | 1 2 3 4 |  4.6
Armour         | 1 2 3 4 |  4.6
Dodging        | 1 2 3 4 |  4.6
Unarmed Combat | 1 2 3 4 |  4.6
Spellcasting   | 1 2 3 4 |  4.6
Evocations     | 1 2 3 4 |  4.6
Shields        | 3 4 5 |  5.4
Conjurations   | 1 2 3 |  3.8
Hexes          | 1 2 3 |  3.8
Charms         | 1 2 3 |  3.8
Summonings     | 1 2 3 |  3.8
Necromancy     | 1 2 3 |  3.8
Translocations | 1 2 3 |  3.8
Transmutations | 1 2 3 |  3.8
Fire Magic     | 1 2 3 |  3.8
Ice Magic      | 1 2 3 |  3.8
Air Magic      | 1 2 3 |  3.8
Earth Magic    | 1 2 3 |  3.8
Poison Magic   | 1 2 3 |  3.8
Stealth        | 3 4 5 |  5.3
Short Blades   | 7 8 |  8.1

Action                   |  1- 3 |  4- 6 |  7- 9 || total
-------------------------+-------+-------+-------++-------
Melee: Short sword       |    86 |    42 |    70 ||   198
       Bite              |     7 |     3 |    37 ||    47
       Rapier            |       |       |   285 ||   285
Invok: Shadow Step       |       |       |     1 ||     1
Evoke: Wand              |     1 |     1 |       ||     2
  Use: Scroll            |       |     9 |     4 ||    13
       Potion            |       |       |     4 ||     4
 Stab: Sleeping          |     7 |     4 |    15 ||    26
  Eat: Chunk             |     1 |     1 |     9 ||    11
       Ration            |       |       |     2 ||     2
Armor: Robe              |    10 |     7 |    35 ||    52
Dodge: Dodged            |    21 |    13 |   117 ||   151
Block: Shield            |    23 |    19 |   163 ||   205

Table legend:
 A = Spawn XP
 B = Non-spawn XP
 C = Spawn XP percentage of total XP
 D = Spawn monster count
 E = Non-spawn monster count
 F = Spawn count percentage of total count
 G = Total turns spent on level
                    A         B        C        D         E        F      G
               +---------+---------+-------+---------+---------+-------+---------
         Total |       0 |    4602 |   0.0 |       0 |     147 |   0.0 |  6208
               +---------+---------+-------+---------+---------+-------+---------
           D:1 |       0 |      48 |   0.0 |       0 |      24 |   0.0 |   869
           D:2 |       0 |      28 |   0.0 |       0 |      13 |   0.0 |   379
           D:3 |       0 |     610 |   0.0 |       0 |      22 |   0.0 |   801
           D:4 |       0 |     159 |   0.0 |       0 |      11 |   0.0 |   668
           D:5 |       0 |     750 |   0.0 |       0 |      21 |   0.0 |  1063
           D:6 |       0 |    1638 |   0.0 |       0 |      29 |   0.0 |  1539
           D:7 |       0 |     894 |   0.0 |       0 |      18 |   0.0 |   613
           D:8 |       0 |     475 |   0.0 |       0 |       9 |   0.0 |   276
               +---------+---------+-------+---------+---------+-------+---------
